 Dungeon Crawl Stone Soup version 0.20.1-1-g8b1a95d (webtiles) character file.

204 epen the Poker (level 5, -3/42 HPs)
             Began as a Merfolk Abyssal Knight on Aug 12, 2017.
             Was a Believer of Lugonu.
             Slain by an orc wizard
             ... wielding a +0 dagger
              (4 damage)
             ... on level 4 of the Dungeon.
             The game lasted 00:05:06 (3505 turns).

epen the Poker (Merfolk Abyssal Knight)             Turns: 3505, Time: 00:05:07

Health: -3/42      AC:  3    Str: 11 (13) XL:     5   Next: 82%
Magic:  6/6        EV: 18    Int: 11 (12) God:    Lugonu [**....]
Gold:   113        SH:  0    Dex: 16 (18) Spells: 4/4 levels left

rFire    . . .     SeeInvis .   a - +1 spear
rCold    . . .     Gourm    .   (no shield)
rNeg     . . .     Faith    .   v - +0 leather armour
rPois    .         Spirit   .   (no helmet)
rElec    .         Reflect  .   (no cloak)
rCorr    .         Harm     .   (no gloves)
MR       .....                  (no boots)
Stlth    +++.......             (no amulet)
Regen    0.2/turn               (no ring)
MPRegen  0.1/turn               (no ring)

@: agile
A: change form in water, swift swim, stealthy swim
a: Depart the Abyss, Bend Space, Renounce Religion


You were on level 4 of the Dungeon.
You worshipped Lugonu.
Lugonu was pleased with you.
You were not hungry.

You visited 1 branch of the dungeon, and saw 4 of its levels.
You visited the Abyss 1 time.

You collected 113 gold pieces.

Inventory:

Hand Weapons
 a - a +1 spear (weapon)
Missiles
 r - a throwing net (quivered)
Armour
 b - a +0 leather armour
 v - a +0 leather armour (worn)
Wands
 m - a wand of random effects (37/48)
Scrolls
 e - 3 scrolls of magic mapping
 g - 4 scrolls of identify
 i - a scroll of noise {unknown}
 l - a scroll of remove curse
 n - a scroll of fog
 p - 2 scrolls of enchant armour {unknown}
 t - 2 scrolls of teleportation
Potions
 d - a potion of ambrosia
Books
 q - a book of Battle

   Spells                             Type                      Level
   a - Infusion                       Charms                       1
   b - Shroud of Golubria             Charms/Translocation         2
   c - Song of Slaying                Charms                       2
   d - Spectral Weapon                Hexes/Charms                 3
   e - Regeneration                   Charms/Necromancy            3
Comestibles
 c - 2 bread rations
 f - 20 fruits


   Skills:
 + Level 4.1 Fighting
 + Level 6.0 Polearms
 + Level 1.7 Armour
 + Level 3.4 Dodging
 + Level 0.8 Stealth
 + Level 2.3 Invocations


You had 4 spell levels left.
You didn't know any spells.

Dungeon Overview and Level Annotations

Branches:
Dungeon (4/15)             Temple (0/1) D:4

Altars:
Okawaru
Ru
Xom

Annotations:
D:3 epen's ghost, amateur MfAK


Message History

The orc priest mumbles some strange prayers to Beogh against you.
It was a potion of resistance.
You feel protected.
It was a potion of cancellation.
Your magical effects are unravelling.
You feel magically purged.
Your resistance to elements expires.
Something hits you.
* * * LOW HITPOINT WARNING * * *
It was a potion of agility.
You feel agile all of a sudden.
You hear some strange, mumbled words.
A magic dart appears from out of thin air!
The magic dart hits you!
* * * LOW HITPOINT WARNING * * *
It was a potion of degeneration.
There was something very wrong with that liquid.
You feel weakened.
You feel dopey.
You feel clumsy. Something hits you.
You die...

....#.###..##.......'......#
_.....##............#...#########
....#.###..##...##..#...#........
....#..##..##...##..###.#.##..##.
...##..##..##...##..###.#.#♣..♣#.
.####..##..##.........#.'....(...
.................)..).#.'...(....
................o.....###.#♣..♣#.
................@.o...# #.##..##.
...##..#############o####........
...##..####****,**##..o.#########
...#......#,,,,,,,#..o)#..#......
...#......#,,,,,,,#....#..'....(.
...#......#,,,,,,,#..).#..#....##
...#......#,,,,,,,#....#..#....#*
.####...###,,**,,*##'###..###..#*
.#**#####**,,**,,**#.#*#>.#**..#*


You could see an orc priest and 2 orcs.

Vanquished Creatures
  An iguana (D:3)
  2 worker ants (D:4)
  5 adders
  An ooze (D:3)
  2 worms (D:4)
  2 leopard geckos
  3 orcs (D:4)
  2 giant cockroaches
  10 goblins
  8 hobgoblins
  4 jackals (D:4)
  10 kobolds
  4 quokkas
  A ball python (D:2)
  5 bats
  6 frilled lizards
  6 rats
72 creatures vanquished.

Notes
Turn   | Place    | Note
-------+----------+-------------------------------------------
     0 | Abyss:1  | epen the Merfolk Abyssal Knight began the quest for the Orb.
     0 | Abyss:1  | Reached XP level 1. HP: 18/18 MP: 2/2
    55 | Abyss:1  | Noticed a wretched star
    56 | D:1      | Escaped the Abyss
   231 | D:1      | Reached XP level 2. HP: 17/24 MP: 2/2
   234 | D:1      | Reached * piety under Lugonu
   892 | D:2      | Found a faded altar of an unknown god.
   904 | D:2      | Reached XP level 3. HP: 26/30 MP: 3/3
  1047 | D:2      | Found an iron altar of Okawaru.
  1059 | D:2      | Reached skill level 1 in Armour
  1182 | D:2      | Reached skill level 4 in Polearms
  1334 | D:2      | Found a shimmering altar of Xom.
  1425 | D:2      | Reached XP level 4. HP: 31/37 MP: 4/4
  1763 | D:3      | Reached ** piety under Lugonu
  1940 | D:3      | Reached skill level 5 in Polearms
  2060 | D:3      | Noticed epen's ghost (amateur MfAK)
  2251 | D:3      | Reached XP level 5. HP: 42/42 MP: 6/6
  2551 | D:4      | Found a staircase to the Ecumenical Temple.
  2966 | D:4      | Found a sacrificial altar of Ru.
  3075 | D:4      | Reached skill level 6 in Polearms
  3504 | D:4      | HP: 1/42 [something/magic dart (4)]
  3505 | D:4      | Slain by an orc wizard

Skill      XL: |  1  2  3  4  5 |
---------------+----------------+-----
Dodging        | 3 |  3.4
Armour         | 1 |  1.7
Polearms       | 4 5 6 |  6.0
Fighting       | 4 |  4.1
Stealth        | |  0.8
Invocations    | |  2.3

Action                   |  1- 3 |  4- 6 || total
-------------------------+-------+-------++-------
Melee: Spear             |   141 |   194 ||   335
Invok: Depart the Abyss  |     1 |       ||     1
  Use: Scroll            |       |     8 ||     8
       Potion            |       |     4 ||     4
 Stab: Sleeping          |       |     3 ||     3
  Eat: Chunk             |     2 |     3 ||     5
       Meat ration       |       |     1 ||     1
Armor: Leather armour    |    28 |    32 ||    60
Dodge: Dodged            |    62 |   120 ||   182
